 Dungeon Crawl Stone Soup version 0.25.0-26-g0c896c7088 (webtiles) character file.

Game seed: 8508621872957628101

135 xccam the Ruffian (level 4, 0/35 HPs)
             Began as a Draconian Transmuter on June 30, 2020.
             Slain by Natasha (4 damage)
             ... on level 2 of the Dungeon.
             The game lasted 00:02:31 (1948 turns).

xccam the Ruffian (Draconian Transmuter)            Turns: 1948, Time: 00:02:32

Health: 0/35       AC:  5    Str: 13    XL:     4   Next: 96%
Magic:  7/7        EV: 12    Int: 14    God:
Gold:   72         SH:  0    Dex: 11    Spells: 4/7 levels left

rFire    . . .     SeeInvis .     - Unarmed
rCold    . . .     Gourm    .   (no shield)
rNeg     . . .     Faith    .   (armour unavailable)
rPois    +         Spirit   .   (helmet restricted)
rElec    .         Reflect  .   (no cloak)
rCorr    .         Harm     .   (no gloves)
MR       .....                  (boots currently unavailable)
Stlth    +.........             (no amulet)
HPRegen  0.11/turn              e - ring of poison resistance
MPRegen  0.10/turn              (no ring)

@: appendage, slowed, very slow
A: unfitting armour, talons 3, cold-blooded, AC +5
a: End Transformation


You were on level 2 of the Dungeon.
You were hungry.
You had grown temporary talons.
You visited 1 branch of the dungeon, and saw 2 of its levels.

You collected 72 gold pieces.

Inventory:

Missiles
 a - 11 arrows
Jewellery
 e - a ring of poison resistance (left hand)
Scrolls
 b - 2 scrolls of teleportation {unknown}
 g - a scroll of identify {unknown}
 j - a scroll of random uselessness {unknown}
 k - a scroll of remove curse {unknown}
 l - a scroll of enchant weapon {unknown}
 n - a scroll of enchant armour {unknown}
Potions
 f - a potion of curing {unknown}
 h - 2 potions of degeneration {unknown}
 i - a potion of magic {unknown}
 m - 2 potions of lignification {unknown}
Comestibles
 c - 7 rations
 d - 2 chunks of flesh


   Skills:
 - Level 1.1 Fighting
 - Level 1.7 Dodging
 + Level 5.7 Unarmed Combat
 - Level 2.0 Spellcasting
 - Level 2.0 Transmutations


You had 4 spell levels left.
You knew the following spells:

 Your Spells              Type           Power        Failure   Level  Hunger
a - Beastly Appendage     Tmut           #.....       11%         1    ##.....
b - Sticks to Snakes      Tmut           #.......     16%         2    ###....

Your spell library contained the following spells:

 Spells                   Type           Power        Failure   Level  Hunger
 Spider Form              Tmut/Pois      #.........   43%         3    ####...
 Ice Form                 Ice/Tmut       #.......     83%         4    #####..
 Blade Hands              Tmut           #.........   96%         5    ######.


Dungeon Overview and Level Annotations

Branches:
Dungeon (2/15)

Altars:

Annotations:
D:2 Natasha


Innate Abilities, Weirdness & Mutations

Your plain brown scales are hard. (AC +5)
You cannot fit into any form of body armour.
You are cold-blooded and may be slowed by cold attacks.
You have claws for feet.


Message History

The crimson imp blinks!
Natasha barely misses you.
Your magical contamination has completely faded away.
Unknown command.
You hit Natasha but do no damage.
Natasha is almost dead.
Natasha claws you!
* * * LOW HITPOINT WARNING * * *
Natasha casts a spell at you. The magic dart hits you.
* * * LOW HITPOINT WARNING * * *
You hit Natasha. Your kick misses Natasha.
Natasha is almost dead.
Natasha casts a spell at you.
You feel as though you will be slow longer.
A gnoll comes into view. It is wielding a +0 whip.
You barely miss Natasha. Your kick misses Natasha.
Your tail-slap misses Natasha.
Natasha is almost dead.
Natasha claws you.
You die...

##.## ..... #.# #.# #..####
...# .h... #.# #.###..#
#......... #÷# #.##...#
#?###..#.<...# #.# #.##.#.#
#...........$# #.# #.##.#.#
#...# #.# #.##.#.# #...g# #.#
#.##.#.# #.....# #.#
##.##.#.#### #......## #@#
###...#....... #...#...## #h#
#.............
#...##...###g###.#...###.###(
#.....†..h.g5.##.##......# #.
########....5.#...######## ##
##..##.#...### ##.##....÷..#
####.......# #.......#


You could see Natasha, 2 gnolls and 2 crimson imps.

Vanquished Creatures
  Natasha (D:2)
  2 adders (D:2)
  A gnoll (D:2)
  2 oozes (D:1)
  A worm (D:2)
  3 dart slugs
  A leopard gecko (D:1)
  7 goblins
  11 hobgoblins
  10 kobolds
  A quokka (D:2)
  3 ball pythons
  5 bats
  3 frilled lizards
  4 rats (D:1)
55 creatures vanquished.

Vanquished Creatures (collateral kills)
  Robin (D:2)
  A goblin (D:2)
2 creatures vanquished.

Grand Total: 57 creatures vanquished

Notes
Turn   | Place    | Note
-------+----------+-------------------------------------------
     0 | D:1      | xccam the Draconian Transmuter began the quest for the Orb.
     0 | D:1      | Reached XP level 1. HP: 16/16 MP: 3/3
   124 | D:1      | Reached XP level 2. HP: 17/23 MP: 3/5
   430 | D:1      | Reached skill level 4 in Unarmed Combat
   602 | D:1      | Reached XP level 3. HP: 28/28 MP: 6/6
  1298 | D:2      | Reached XP level 4. HP: 16/35 MP: 7/7
  1305 | D:2      | Learned a level 2 spell: Sticks to Snakes
  1506 | D:2      | Noticed Natasha
  1513 | D:2      | Killed Natasha
  1513 | D:2      | Reached skill level 5 in Unarmed Combat
  1584 | D:2      | Noticed Robin
  1595 | D:2      | Killed Robin
  1910 | D:2      | Noticed Natasha
  1948 | D:2      | Slain by Natasha

Illustrated notes

Levels and vault maps discovered:
D:1:      sevenhm_arrival_forest_fort_small_5, layout_loops_ring
D:2:      layout_loops_ring, uniq_natasha, uniq_robin

Skill      XL: |  1  2  3  4 |
---------------+-------------+-----
Unarmed Combat | 4 5 |  5.7
Fighting       | |  1.1
Dodging        | |  1.7
Spellcasting   | |  2.0
Transmutations | |  2.0

Action                   |  1- 3 |  4- 6 || total
-------------------------+-------+-------++-------
Melee: Unarmed           |   122 |    62 ||   184
       Tailslap          |    13 |     2 ||    15
       Kick              |     1 |     3 ||     4
       Punch             |     1 |     1 ||     2
       Headbutt          |       |     1 ||     1
 Cast: Beastly Appendage |     2 |     3 ||     5
       Sticks to Snakes  |       |     1 ||     1
  Eat: Chunk             |     1 |     2 ||     3
Armor: Skin              |    34 |    14 ||    48
Dodge: Dodged            |    83 |    27 ||   110
